Map: Site Delta LE

Players

BattleB - Winner!

  • Race: Terran Terran
  • League: Grandmaster
  • Spawn Location: 5:00

Lambo

  • Race: Zerg Zerg
  • League: Grandmaster
  • Spawn Location: 11:00

VOD

Have the link to the VOD?

Description

Time

  • Played on: Aug. 4, 2024, 12:57 p.m.
  • Length: 16:25
Show
View Real Time Build Order
Export as new Build Order

BattleB Terran - Winner!

Build Orders: Reaper Expand, Hellion Banshee 

Get SALT Encoding   

  12  0:00  SCV  
  13  0:12  SCV  
  14  0:16  Supply Depot  
  14  0:24  SCV  
  15  0:38  SCV  
  15  0:39  Barracks  
  16  0:42  Refinery  
  16  0:50  SCV  
  17  1:02  SCV  
  18  1:14  SCV  
  19  1:26  Orbital Command, Reaper  
  20  1:38  Command Center  
  20  1:47  Supply Depot  
  20  1:52  SCV  
  21  1:58  Marine  
  22  2:04  SCV  
  23  2:10  Factory  
  23  2:16  SCV  
  23  2:19  Barracks Reactor  
  24  2:28  SCV  
  25  2:40  SCV  
  25  2:42  Command Center  
  26  2:50  Orbital Command  
  26  2:52  SCV  
  27  2:59  Starport  
  27  3:03  Refinery  
  27  3:04  SCV  
  28  3:13  Hellion x2  
  28  3:16  SCV  
  28  3:18  SCV  
  34  3:22  Barracks Tech Lab  
  34  3:28  SCV  
  34  3:30  SCV  
  36  3:34  Hellion x2  
  36  3:40  SCV  
  41  3:42  SCV  
  41  3:43  Banshee  
  41  3:45  Marine  
  46  3:54  SCV  
  48  3:55  SCV  
  48  3:56  Orbital Command  
  48  3:57  Cloaking Field  
  48  4:02  Hellion x2  
  52  4:07  Supply Depot, Barracks Tech Lab  
  52  4:09  SCV x2  
  54  4:21  SCV  
  54  4:22  SCV x2  
  57  4:28  Banshee  
  57  4:29  Supply Depot  
  60  4:32  Marine  
  60  4:34  SCV  
  60  4:36  SCV  
  60  4:37  Barracks  
  64  4:38  Factory Reactor  
  64  4:39  Barracks  
  64  4:43  Orbital Command  
  64  4:44  Stimpack  
  63  4:47  SCV  
  63  4:48  SCV  
  63  4:50  Engineering Bay  
  63  4:52  Engineering Bay  
  65  4:54  Refinery  
  65  4:55  Refinery  
  65  4:59  SCV, Marine  
  67  5:00  Supply Depot, SCV  
  68  5:12  SCV x2, Barracks x2  
  70  5:20  Terran Infantry Armor Level 1, Terran Infantry Weapons Level 1  
  70  5:23  SCV  
  70  5:24  SCV x2, Marine x2  
  70  5:25  Marine  
  76  5:35  Supply Depot x2, SCV  
  76  5:37  Marine, Starport Reactor  
  76  5:38  Marine  
  76  5:40  SCV  
  76  5:41  Siege Tank  
  83  5:43  SCV  
  83  5:45  Marine  
  85  5:56  Marine x2  
  85  5:57  SCV x3  
  90  5:58  Marine  
  90  5:59  Supply Depot  
  90  6:00  Supply Depot, Barracks Reactor x2  
  91  6:07  Armory  
  91  6:09  SCV x2  
  91  6:10  SCV, Marine x2  
  96  6:14  Marine  
  96  6:18  Medivac x2  
  101  6:21  SCV x2, Marine x2  
  101  6:22  Siege Tank  
  101  6:23  SCV  
  109  6:28  Supply Depot, Refinery  
  109  6:31  Combat Shield, Marine x2  
  109  6:32  Marine  
  112  6:33  SCV  
  112  6:37  Supply Depot  
  112  6:38  SCV  
  112  6:39  SCV, Marine  
  116  6:40  Marine  
  117  6:47  Marine  
  117  6:50  Marine x4  
  117  6:51  Marine  
  122  6:54  Command Center  
  122  6:56  Medivac  
  122  6:59  Marine x2, Medivac  
  122  7:00  Marine  
  129  7:03  Widow Mine  
  129  7:04  Terran Vehicle And Ship Armor Level 1  
  129  7:07  Supply Depot  
  131  7:09  Supply Depot  
  131  7:10  Marine x2  
  131  7:14  Supply Depot  
  133  7:17  Terran Infantry Weapons Level 2  
  133  7:22  Terran Infantry Armor Level 2  
  133  7:26  Supply Depot  
  133  7:28  Marine x6  
  133  7:29  Widow Mine  
  141  7:30  Marine x2  
  141  7:31  Marine  
  144  7:38  Orbital Command  
  144  7:46  Marine x6  
  144  7:48  Marine x2  
  144  7:49  SCV  
  144  7:50  SCV  
  145  7:53  Command Center  
  145  7:54  Marine  
  145  7:55  Siege Tank  
  136  8:00  Supply Depot x2, Medivac x2  
  136  8:03  SCV  
  136  8:04  Marine x3  
  142  8:06  Marine x2  
  142  8:09  Marine x2  
  142  8:11  SCV  
  147  8:18  SCV x2  
  149  8:22  Marine x3  
  149  8:23  SCV  
  149  8:24  Marine  
  153  8:28  Marine  
  153  8:29  Marine  
  153  8:30  SCV, Marine  
  154  8:36  SCV, Marine  
  154  8:37  SCV  
  154  8:40  Marine  
  154  8:41  Siege Tank, Marine x2  
  158  8:42  Medivac  
  163  8:48  Marine x2  
  163  8:49  Marine x2  
  163  8:50  Marine  
  163  8:53  Medivac, Marine  
  171  8:58  SCV, Marine  
  173  9:04  Supply Depot  
  173  9:05  Supply Depot, SCV, Marine x2  
  173  9:06  Supply Depot x2  
  173  9:08  Marine x3  
  179  9:13  Marine x2  
  179  9:15  Marine  
  179  9:16  Marine  
  162  9:21  Siege Tank  
  162  9:22  Marine  
  162  9:23  SCV x2, Marine  
  169  9:24  SCV  
  169  9:25  Marine, Factory  
  169  9:26  Marine x2  
  172  9:31  Marine x2  
  172  9:33  SCV, Marine  
  172  9:34  Marine  
  172  9:35  SCV, Medivac  
  172  9:37  Medivac  
  182  9:39  SCV  
  182  9:40  Marine  
  182  9:41  Marine  
  182  9:43  Marine  
  182  9:45  SCV  
  187  9:46  Planetary Fortress  
  187  9:50  Marine  
  187  9:52  Marine x2  
  182  9:56  Marine x2  
  182  9:57  Marine  
  182  9:58  Marine  
  182  9:59  Marine  
  159  10:01  Siege Tank, Marine  
  159  10:02  SCV x2  
  159  10:06  SCV  
  155  10:07  Marine  
  155  10:09  Medivac  
  155  10:10  Marine x2  
  155  10:12  Factory Tech Lab  
  155  10:13  Marine  
  158  10:14  Medivac, SCV, Marine  
  158  10:15  Marine  
  158  10:16  Marine  
  158  10:17  Marine  
  158  10:19  Marine  
  166  10:22  SCV x3  
  166  10:25  Marine  
  166  10:26  SCV  
  166  10:28  Marine x2  
  171  10:31  Siege Tank, Marine  
  171  10:32  Marine  
  171  10:33  Marine  
  171  10:34  Siege Tank, SCV x2  
  171  10:35  Marine  
  185  10:40  Marine  
  185  10:41  Marine  
  187  10:44  Marine  
  187  10:45  SCV x2  
  187  10:46  Marine x2  
  191  10:51  SCV x2  
  191  10:52  Terran Infantry Weapons Level 3, Marine, Terran Infantry Armor Level 3  
  191  10:53  Marine  
  191  10:55  Marine  
  191  10:56  Marine  
  197  10:58  SCV  
  197  11:01  Sensor Tower, Marine x2  
  197  11:04  Marine x2  
  176  11:09  Siege Tank  
  180  11:12  Siege Tank  
  180  11:13  Medivac  
  180  11:15  Medivac  
  187  11:20  Marine x2  
  187  11:24  Marine x3  
  187  11:25  Marine  
  190  11:30  Marine x3  
  193  11:38  Marine x2  
  193  11:39  Barracks  
  190  11:40  Barracks  
  190  11:41  Marine x2  
  190  11:42  Marine x2, Terran Vehicle Weapons Level 1, Barracks  
  190  11:46  Siege Tank  
  197  11:47  Marine, Refinery  
  198  11:55  Marine x2  
  200  12:13  Command Center, Refinery x2  
  200  12:14  Command Center  
  199  12:15  Sensor Tower  
  199  12:19  Ghost Academy  
  199  12:25  Missile Turret, Marine  
  199  12:34  Marine x3  
  199  12:36  Marine x2  
  185  12:37  Barracks Tech Lab x3  
  185  12:40  Medivac x2  
  185  12:41  Siege Tank x2, Missile Turret, Marine x3  
  185  12:43  Marine  
  190  12:52  Marine x3  
  190  12:54  Marine  
  194  12:59  Ghost  
  194  13:00  Marauder  
  194  13:02  Ghost  
  199  13:09  Ghost  
  199  13:10  Marine  
  184  13:13  Siege Tank  
  184  13:16  Siege Tank, Medivac x2  
  193  13:20  Ghost  
  195  13:31  Marine  
  195  13:33  Marauder, Marine  
  195  13:36  Ghost  
  195  13:37  Ghost  
  195  13:38  Marine  
  195  13:40  Sensor Tower  
  200  13:46  Planetary Fortress  
  200  14:05  Refinery x2  
  200  14:06  Missile Turret  
  200  14:07  Missile Turret  
  196  14:10  Command Center  
  196  14:13  Marine  
  196  14:16  Hi-Sec Auto Tracking, Neosteel Armor  
  197  14:20  Marine x3  
  197  14:21  Marauder  
  197  14:23  SCV  
  197  14:24  SCV x2  
  197  14:25  Marine  
  197  14:30  Marauder, Marine x2  
  200  14:31  Marauder  
  200  14:35  Siege Tank, Marine x2  
  197  14:39  Marine  
  197  14:40  Marauder  
  200  14:48  Supply Depot  
  200  14:59  Marine  
  196  15:00  Marauder  
  196  15:01  Marauder, Marine  
  196  15:04  Marine  
  196  15:05  Marauder, Marine  
  196  15:06  Marauder  
  196  15:07  Marine  
  195  15:10  Orbital Command, Marine x2  
  191  15:14  Siege Tank  
  191  15:18  Siege Tank  
  193  15:21  Marauder  
  193  15:23  Marauder  
  193  15:25  Marine x2  
  193  15:28  Marine  
  176  15:29  Marine x2  
  176  15:34  Medivac  
  176  15:36  Marine  
  176  15:37  Marauder  
  176  15:38  Marine  
  180  15:44  SCV x5  
  180  15:46  Siege Tank  
  180  15:48  Marauder, Marine  
  180  15:49  Marine  
  191  15:52  Marauder, Marine  
  191  15:54  Marine x2  
  185  16:05  Marine  
  185  16:07  Marine  
Show
View Real Time Build Order
Export as new Build Order

Lambo Zerg 

Build Orders: Hatch First 

Get SALT Encoding   

  12  0:00  Drone  
  13  0:12  Overlord  
  13  0:17  Drone  
  14  0:31  Drone x2  
  16  0:48  Hatchery  
  15  0:51  Drone  
  15  0:55  Drone  
  17  0:57  Drone  
  18  1:09  Extractor  
  17  1:12  Spawning Pool  
  17  1:16  Drone  
  17  1:19  Drone  
  18  1:28  Drone  
  19  1:39  Drone  
  20  1:49  Drone  
  21  1:59  Queen x2  
  21  2:01  Zergling x4  
  27  2:11  Drone  
  28  2:17  Hatchery  
  28  2:19  Overlord  
  27  2:24  Drone  
  27  2:37  Queen  
  27  2:39  Drone x3  
  27  2:43  Overlord  
  32  2:47  Metabolic Boost  
  32  2:50  Drone  
  33  2:54  Drone  
  33  2:57  Drone  
  35  3:05  Queen  
  35  3:07  Drone x2  
  39  3:13  Drone x3  
  39  3:17  Drone  
  43  3:27  Overlord  
  43  3:28  Queen  
  43  3:29  Queen  
  47  3:36  Drone x2  
  47  3:39  Overlord  
  49  3:44  Queen  
  49  3:45  Overlord  
  51  3:49  Zergling x2  
  51  3:50  Zergling x2  
  51  3:51  Drone x2  
  55  3:58  Drone x4  
  55  4:00  Drone  
  60  4:03  Zergling x2  
  60  4:06  Drone  
  62  4:10  Queen  
  62  4:12  Drone x3  
  62  4:14  Overlord  
  67  4:18  Overlord  
  67  4:20  Drone x2  
  67  4:23  Extractor  
  68  4:25  Lair  
  68  4:28  Drone x2  
  70  4:32  Overlord  
  70  4:42  Drone x8  
  78  4:49  Hatchery  
  78  4:51  Spore Crawler  
  78  4:52  Spore Crawler  
  75  4:53  Spore Crawler  
  75  4:54  Zergling x2  
  75  4:58  Zergling x4  
  77  5:00  Drone x3  
  77  5:04  Zergling x2  
  77  5:06  Drone x3  
  84  5:10  Extractor  
  84  5:11  Extractor  
  84  5:12  Baneling Nest  
  84  5:13  Drone  
  82  5:17  Drone x4  
  86  5:22  Evolution Chamber  
  86  5:23  Evolution Chamber, Overseer  
  86  5:24  Overseer  
  86  5:25  Drone x2  
  86  5:27  Drone  
  87  5:28  Drone  
  87  5:31  Zergling x2  
  89  5:37  Extractor  
  89  5:40  Overlord  
  89  5:41  Drone  
  89  5:45  Overlord  
  89  5:48  Overlord  
  89  5:50  Overlord  
  89  5:52  Overlord  
  89  5:54  Zerg Melee Weapons Level 1, Zerg Ground Armor Level 1  
  89  5:55  Centrifugal Hooks  
  89  5:58  Drone x5, Queen  
  89  6:00  Overlord  
  96  6:06  Hydralisk Den, Drone x3  
  96  6:07  Infestation Pit  
  96  6:08  Drone x3  
  100  6:14  Drone x2  
  100  6:15  Drone x3  
  105  6:19  Drone  
  105  6:23  Drone x2  
  105  6:24  Extractor  
  105  6:25  Spore Crawler  
  106  6:31  Zergling x10  
  111  6:40  Zergling x12  
  111  6:44  Drone x2  
  111  6:45  Drone x2  
  111  6:46  Drone  
  124  6:50  Grooved Spines, Hive  
  124  6:54  Evolution Chamber  
  124  6:56  Hydralisk x3  
  124  6:58  Hatchery, Baneling x4  
  129  7:03  Zergling x2  
  129  7:04  Zergling x18, Baneling  
  129  7:05  Baneling x2  
  137  7:10  Hydralisk x3  
  143  7:17  Overlord  
  143  7:18  Overlord x2  
  143  7:20  Overlord  
  143  7:22  Baneling  
  143  7:26  Spore Crawler  
  143  7:28  Overlord  
  142  7:33  Zergling x2  
  143  7:40  Zergling x22  
  152  7:45  Zergling x16  
  157  7:51  Zergling x4  
  157  7:55  Baneling x2  
  157  7:57  Hydralisk x5  
  166  8:02  Hydralisk  
  166  8:03  Hydralisk x4  
  173  8:07  Viper  
  173  8:09  Zerg Ground Armor Level 2  
  176  8:13  Zergling x16  
  176  8:15  Baneling x8  
  176  8:18  Baneling x3  
  176  8:19  Zergling x4  
  186  8:26  Drone x4  
  188  8:29  Zergling x8  
  184  8:36  Hydralisk x4  
  189  8:43  Overlord  
  189  8:44  Overlord  
  189  8:45  Overseer  
  189  8:46  Pneumatized Carapace  
  189  8:55  Overlord, Muscular Augments  
  187  8:57  Zergling x6  
  187  8:59  Overlord  
  187  9:01  Overlord, Queen  
  192  9:06  Overlord  
  192  9:12  Zergling x22  
  192  9:15  Zergling x20  
  188  9:20  Zergling x2  
  188  9:22  Baneling x6  
  188  9:24  Baneling x7  
  177  9:26  Hydralisk x4  
  177  9:27  Zergling x4  
  177  9:29  Extractor  
  185  9:37  Zergling x24  
  185  9:38  Baneling x4  
  198  9:45  Zergling x8  
  198  9:48  Zergling x2  
  198  9:49  Zergling x2  
  190  9:55  Hydralisk x7  
  190  9:59  Zergling x4  
  179  10:05  Zergling x16  
  169  10:09  Zergling x2  
  169  10:11  Zergling x2  
  169  10:14  Baneling x6  
  155  10:17  Zergling x4  
  155  10:20  Baneling x3  
  155  10:21  Zergling x8  
  155  10:25  Viper  
  155  10:27  Zergling x10  
  162  10:29  Zergling x2  
  162  10:34  Extractor  
  161  10:37  Zergling x10  
  165  10:42  Hatchery  
  165  10:43  Zergling x2  
  165  10:44  Zergling x4  
  165  10:47  Zergling x6  
  163  10:53  Zergling x14  
  170  11:00  Zergling x2  
  170  11:02  Zergling x8  
  163  11:06  Zergling x4  
  163  11:10  Zergling x2  
  163  11:11  Queen  
  166  11:17  Viper, Extractor, Hydralisk  
  172  11:18  Viper  
  172  11:21  Zerg Ground Armor Level 3  
  172  11:22  Zergling x2  
  172  11:23  Zergling x10  
  180  11:30  Zergling x14  
  186  11:35  Baneling x4  
  186  11:39  Zergling x4  
  180  11:42  Overseer  
  180  11:46  Zergling x12  
  182  11:52  Baneling x2  
  182  11:54  Zergling x10  
  187  11:55  Zerg Melee Weapons Level 2  
  187  11:56  Adrenal Glands  
  187  11:58  Baneling x8  
  187  12:02  Zergling x14  
  187  12:07  Zergling x6  
  196  12:09  Baneling x5  
  196  12:10  Baneling x3  
  196  12:11  Zergling x2  
  197  12:19  Overlord  
  197  12:20  Overlord  
  197  12:21  Overlord  
  197  12:23  Overlord  
  197  12:27  Overlord  
  193  12:32  Zergling x18  
  192  12:37  Zergling x2  
  192  12:38  Zergling x8  
  192  12:39  Baneling x6  
  193  12:45  Zergling x12  
  199  13:01  Overlord  
  193  13:09  Zergling x22  
  193  13:10  Zergling x6  
  189  13:15  Baneling x9  
  189  13:17  Baneling x4  
  186  13:20  Zergling x8  
  186  13:24  Queen  
  192  13:28  Zergling x14  
  186  13:35  Zergling x6  
  184  13:42  Hydralisk  
  184  13:43  Hydralisk x6  
  198  13:49  Zergling x2  
  198  13:51  Baneling x13  
  198  13:52  Hatchery  
  198  13:55  Zergling x8  
  199  13:58  Zerg Missile Weapons Level 1  
  199  14:09  Zergling x6  
  196  14:20  Zergling x10  
  176  14:31  Zergling x30  
  176  14:35  Zergling x6  
  183  14:41  Zergling x2  
  183  14:42  Zergling x10  
  183  14:45  Zergling x2  
  181  14:49  Zergling x6  
  184  14:56  Zergling x10  
  188  15:01  Hydralisk x2  
  175  15:07  Hydralisk x4  
  175  15:09  Drone x2  
  182  15:14  Hydralisk x2  
  166  15:24  Hydralisk x5  
  149  15:29  Zergling x8  
  149  15:35  Lurker Den  
  149  15:38  Zergling x8  
  149  15:39  Baneling x4  
  153  15:42  Hydralisk x2  
  153  15:43  Hydralisk  
  153  15:47  Extractor, Drone x2  
  153  15:49  Zergling x2  
  162  15:50  Zergling x2  
  162  15:53  Zergling x4  
  162  15:54  Overseer x3  
  159  16:00  Zergling x8  
  136  16:04  Zergling x4  
  136  16:07  Zergling x2  
Tags
 
Add a new tag
Caveats
  • Supply blocks, unpowered buildings, or Contaminate may cause inaccurate times.
  • Supply counts are checked every 10 seconds.